PCL
EUGENE EMERALDS @ TACOMA CUBS
07/31/1982
 
TOP OF THE 1ST
Eugene Emeralds batting - Pitching for Tacoma Cubs : LHP Gil Maldonado
Pitching: LHP Gil Maldonado
Batting: LHB James Peters 0-0: Foul Ball, location: 2F
0-1: Swinging Strike
0-2: Strikes out swinging
Batting: LHB Ty Gainey 0-0: Ball
1-0: Ball
2-0: Called Strike
2-1: Fly out, F9 (Flyball, 9S, EV 86.9 MPH)
Batting: RHB Tim Wallach 0-0: Foul Ball, location: 2F
0-1: Foul Ball, location: 2F
0-2: Ball
1-2: Strikes out looking
Top of the 1st over - 0 runs, 0 hits, 0 errors, 0 left on base; Eugene 0 - Tacoma 0
BOTTOM OF THE 1ST
Tacoma Cubs batting - Pitching for Eugene Emeralds : RHP Doc Medich
Pitching: RHP Doc Medich
Batting: RHB Tim Glass 0-0: Foul Ball, location: 2F
0-1: Called Strike
0-2: Ball
1-2: Strikes out looking
Batting: RHB Glenn Hubbard 0-0: Ball
1-0: Fly out, F9 (Flyball, 89XD, EV 93.8 MPH)
Batting: LHB Willie Gonzalez 0-0: Foul Ball, location: 2F
0-1: Ball
1-1: Ball
2-1: Called Strike
2-2: SINGLE (Groundball, 56D, EV 103.1 MPH)
Batting: LHB Dan Pasqua 0-0: Ball
1-0: Ground out 4-3 (Groundball, 4, EV 108.8 MPH)
Bottom of the 1st over - 0 runs, 1 hit, 0 errors, 1 left on base; Eugene 0 - Tacoma 0
TOP OF THE 2ND
Eugene Emeralds batting - Pitching for Tacoma Cubs : LHP Gil Maldonado
Batting: LHB Dave Revering 0-0: Ball
1-0: Ball
2-0: Foul Ball, location: 2F
2-1: Ball
3-1: Called Strike
3-2: Ground out U3 (Groundball, 34, EV 110.6 MPH)
Batting: RHB Jesus Vega 0-0: Ball
1-0: Ball
2-0: Called Strike
2-1: Foul Ball, location: 2F
2-2: Strikes out looking
Batting: LHB Rick Lancellotti 0-0: Called Strike
0-1: Foul Ball, location: 2F
0-2: Strikes out swinging
Top of the 2nd over - 0 runs, 0 hits, 0 errors, 0 left on base; Eugene 0 - Tacoma 0
BOTTOM OF THE 2ND
Tacoma Cubs batting - Pitching for Eugene Emeralds : RHP Doc Medich
Batting: RHB Billy Cree 0-0: Ball
1-0: Ball
2-0: Foul Ball, location: 2F
2-1: Ball
3-1: Fly out, F8 (Flyball, 78M, EV 92.5 MPH)
Batting: LHB Thad Bosley 0-0: Ground out U3 (Groundball, 3L, EV 91.9 MPH)
Batting: LHB John D Morris 0-0: Foul Ball, location: 2F
0-1: Ball
1-1: Called Strike
1-2: Strikes out looking
Bottom of the 2nd over - 0 runs, 0 hits, 0 errors, 0 left on base; Eugene 0 - Tacoma 0
TOP OF THE 3RD
Eugene Emeralds batting - Pitching for Tacoma Cubs : LHP Gil Maldonado
Batting: LHB Clay Hill 0-0: Ball
1-0: Called Strike
1-1: Ball
2-1: Ball
3-1: SINGLE (Groundball, 56D, EV 102.5 MPH)
Batting: RHB Alan McDonald 0-0: Called Strike
0-1: Fly out, F8 (Flyball, 8RXD, EV 105.6 MPH)
Batting: LHB Terry Lee 0-0: Ball
1-0: Ball
2-0: Called Strike
2-1: Foul Ball, location: 2F
2-2: Foul Ball, location: 2F
2-2: Strikes out swinging
Batting: LHB James Peters 0-0: Called Strike
0-1: Swinging Strike
0-2: Foul Ball, location: 2F
0-2: Ball
Clay Hill steals 2nd base
1-2: Ball
2-2: Strikes out swinging
Top of the 3rd over - 0 runs, 1 hit, 0 errors, 1 left on base; Eugene 0 - Tacoma 0
BOTTOM OF THE 3RD
Tacoma Cubs batting - Pitching for Eugene Emeralds : RHP Doc Medich
Batting: RHB Houston Jimenez 0-0: Ball
1-0: Foul Ball, location: 2F
1-1: Foul Ball, location: 2F
1-2: Ball
2-2: Foul Ball, location: 2F
2-2: Strikes out swinging
Batting: LHB John Elway 0-0: Ball
1-0: Fly out, F9 (Flyball, 9S, EV 81.9 MPH)
Batting: RHB Tim Glass 0-0: Swinging Strike
0-1: Swinging Strike
0-2: Strikes out swinging
Bottom of the 3rd over - 0 runs, 0 hits, 0 errors, 0 left on base; Eugene 0 - Tacoma 0
TOP OF THE 4TH
Eugene Emeralds batting - Pitching for Tacoma Cubs : LHP Gil Maldonado
Batting: LHB Ty Gainey 0-0: Called Strike
0-1: Ball
1-1: Ball
2-1: Swinging Strike
2-2: Strikes out swinging
Batting: RHB Tim Wallach 0-0: Ground out 6-3 (Groundball, 6S, EV 85.6 MPH)
Batting: LHB Dave Revering 0-0: Ball
1-0: Ball
2-0: Ball
3-0: Base on Balls
Batting: RHB Jesus Vega 0-0: Called Strike
0-1: Fly out, F7 (Flyball, 78M, EV 85.6 MPH)
Top of the 4th over - 0 runs, 0 hits, 0 errors, 1 left on base; Eugene 0 - Tacoma 0
BOTTOM OF THE 4TH
Tacoma Cubs batting - Pitching for Eugene Emeralds : RHP Doc Medich
Batting: RHB Glenn Hubbard 0-0: Ball
1-0: Ball
2-0: Ball
3-0: Swinging Strike
3-1: Ground out 6-3 (Groundball, 6, EV 88.1 MPH)
Batting: LHB Willie Gonzalez 0-0: Fly out, F4 (Popup, 4MD, EV 71.9 MPH)
Batting: LHB Dan Pasqua 0-0: Called Strike
0-1: Swinging Strike
0-2: Ball
1-2: Ball
2-2: Foul Ball, location: 2F
2-2: Strikes out swinging
Bottom of the 4th over - 0 runs, 0 hits, 0 errors, 0 left on base; Eugene 0 - Tacoma 0
TOP OF THE 5TH
Eugene Emeralds batting - Pitching for Tacoma Cubs : LHP Gil Maldonado
Batting: LHB Rick Lancellotti 0-0: Fly out, F3 (Popup, 3SF, EV 71.9 MPH)
Batting: LHB Clay Hill 0-0: Ground out 6-3 (Groundball, 6M, EV 79.4 MPH)
Batting: RHB Alan McDonald 0-0: Ball
1-0: Ball
2-0: Ball
3-0: Called Strike
3-1: Base on Balls
Batting: LHB Terry Lee 0-0: Swinging Strike
0-1: Called Strike
0-2: Foul Ball, location: 2F
0-2: Ball
1-2: Foul Ball, location: 2F
1-2: Strikes out swinging
Top of the 5th over - 0 runs, 0 hits, 0 errors, 1 left on base; Eugene 0 - Tacoma 0
BOTTOM OF THE 5TH
Tacoma Cubs batting - Pitching for Eugene Emeralds : RHP Doc Medich
Batting: RHB Billy Cree 0-0: Called Strike
0-1: Ground out 5-3 (Groundball, 56S, EV 86.3 MPH)
Batting: LHB Thad Bosley 0-0: Called Strike
0-1: Fly out, F7 (Flyball, 7, EV 91.9 MPH)
Batting: LHB John D Morris 0-0: Called Strike
0-1: SINGLE (Line Drive, 78S, EV 104.4 MPH)
Batting: RHB Houston Jimenez 0-0: Called Strike
0-1: Foul Ball, location: 2F
0-2: Strikes out swinging
Bottom of the 5th over - 0 runs, 1 hit, 0 errors, 1 left on base; Eugene 0 - Tacoma 0
TOP OF THE 6TH
Eugene Emeralds batting - Pitching for Tacoma Cubs : LHP Gil Maldonado
Batting: LHB James Peters 0-0: Foul Ball, location: 2F
0-1: Called Strike
0-2: Ball
1-2: Ball
2-2: Foul Ball, location: 2F
2-2: Strikes out swinging
Batting: LHB Ty Gainey 0-0: Foul Ball, location: 2F
0-1: Ball
1-1: Ball
2-1: Ball
3-1: Foul Ball, location: 2F
3-2: Fly out, F9 (Line Drive, 9, EV 90.6 MPH)
Batting: RHB Tim Wallach 0-0: DOUBLE (Line Drive, 9LM, EV 99.4 MPH)
Batting: LHB Dave Revering 0-0: Foul Ball, location: 2F
0-1: Swinging Strike
0-2: Foul Ball, location: 2F
0-2: Ball
1-2: Foul Ball, location: 2F
1-2: Foul Ball, location: 2F
1-2: Ball
2-2: Foul Ball, location: 2F
2-2: Strikes out swinging
Top of the 6th over - 0 runs, 1 hit, 0 errors, 1 left on base; Eugene 0 - Tacoma 0
BOTTOM OF THE 6TH
Tacoma Cubs batting - Pitching for Eugene Emeralds : RHP Doc Medich
Batting: LHB John Elway 0-0: Called Strike
0-1: Foul Ball, location: 2F
0-2: Foul Ball, location: 2F
0-2: Ball
1-2: Foul Ball, location: 2F
1-2: Ball
2-2: Ball
3-2: Ground out U3 (Groundball, 34, EV 85.0 MPH)
Batting: RHB Tim Glass 0-0: Ball
1-0: Fly out, F7 (Flyball, 7S, EV 95.0 MPH)
Batting: RHB Glenn Hubbard 0-0: Called Strike
0-1: Swinging Strike
0-2: Ball
1-2: Foul Ball, location: 2F
1-2: Strikes out swinging
Bottom of the 6th over - 0 runs, 0 hits, 0 errors, 0 left on base; Eugene 0 - Tacoma 0
TOP OF THE 7TH
Eugene Emeralds batting - Pitching for Tacoma Cubs : LHP Gil Maldonado
Batting: RHB Jesus Vega 0-0: Called Strike
0-1: Ground out 5-3 (Groundball, 56, EV 108.8 MPH)
Batting: LHB Rick Lancellotti 0-0: Fly out, F8 (Flyball, 8LD, EV 91.3 MPH)
Batting: LHB Clay Hill 0-0: Ball
1-0: Called Strike
1-1: Ball
2-1: Ground out 5-3 (Groundball, 56, EV 90.6 MPH)
Top of the 7th over - 0 runs, 0 hits, 0 errors, 0 left on base; Eugene 0 - Tacoma 0
BOTTOM OF THE 7TH
Tacoma Cubs batting - Pitching for Eugene Emeralds : RHP Doc Medich
Batting: LHB Willie Gonzalez 0-0: Foul Ball, location: 2F
0-1: Fly out, F8 (Flyball, 78XD, EV 85.6 MPH)
Batting: LHB Dan Pasqua 0-0: Fly out, F8 (Flyball, 78D, EV 89.4 MPH)
Batting: RHB Billy Cree 0-0: Called Strike
0-1: Ball
1-1: Fly out, F9 (Flyball, 89S, EV 91.3 MPH)
Bottom of the 7th over - 0 runs, 0 hits, 0 errors, 0 left on base; Eugene 0 - Tacoma 0
TOP OF THE 8TH
Eugene Emeralds batting - Pitching for Tacoma Cubs : LHP Gil Maldonado
Batting: RHB Alan McDonald 0-0: Foul Ball, location: 2F
0-1: Called Strike
0-2: Foul Ball, location: 2F
0-2: Ground out U3 (Groundball, 34S, EV 84.4 MPH)
Pitching: RHP Paul Hartzell
Batting: LHB Terry Lee 0-0: Ball
1-0: Foul Ball, location: 2F
1-1: Ball
2-1: Fly out, F8 (Flyball, 8LM, EV 83.1 MPH)
Batting: LHB James Peters 0-0: Ball
1-0: Foul Ball, location: 2F
1-1: Ball
2-1: Hit by Pitch
Batting: LHB Ty Gainey 0-0: Ball
James Peters steals 2nd base
1-0: Ground out 3-1 (Groundball, 34, EV 78.8 MPH)
Top of the 8th over - 0 runs, 0 hits, 0 errors, 1 left on base; Eugene 0 - Tacoma 0
BOTTOM OF THE 8TH
Tacoma Cubs batting - Pitching for Eugene Emeralds : RHP Doc Medich
Batting: LHB Thad Bosley 0-0: Ground out U3 (Groundball, 3L, EV 100.6 MPH)
Batting: LHB John D Morris 0-0: Ball
1-0: Foul Ball, location: 2F
1-1: Called Strike
1-2: Ground out 4-3 (Groundball, 4, EV 93.8 MPH)
Batting: RHB Houston Jimenez 0-0: Ball
1-0: Ground out U3 (Groundball, 34, EV 84.4 MPH)
Bottom of the 8th over - 0 runs, 0 hits, 0 errors, 0 left on base; Eugene 0 - Tacoma 0
TOP OF THE 9TH
Eugene Emeralds batting - Pitching for Tacoma Cubs : RHP Paul Hartzell
Pitching: RHP Paul Thormodsgard
Pinch Hitting: LHB Randy Bush 0-0: Swinging Strike
0-1: Foul Ball, location: 2F
0-2: Strikes out swinging
Batting: LHB Dave Revering 0-0: Swinging Strike
0-1: Foul Ball, location: 2F
0-2: Strikes out swinging
Batting: LHB Terry Bogener 0-0: Called Strike
0-1: Swinging Strike
0-2: Ball
1-2: Hit by Pitch
Batting: LHB Rick Lancellotti 0-0: Ball
Terry Bogener steals 2nd base
1-0: Ball
2-0: Called Strike
2-1: Ball
3-1: Ground out 6-3 (Groundball, 6, EV 86.9 MPH)
Top of the 9th over - 0 runs, 0 hits, 0 errors, 1 left on base; Eugene 0 - Tacoma 0
BOTTOM OF THE 9TH
Tacoma Cubs batting - Pitching for Eugene Emeralds : RHP Doc Medich
Now at 3B: Adrian McCarthy
Batting: LHB John Elway 0-0: Ball
1-0: Ball
2-0: Ball
3-0: Called Strike
3-1: Base on Balls
Pinch Hitting: LHB Broderick Perkins 0-0: Called Strike
0-1: Called Strike
0-2: SINGLE (Groundball, 6S, EV 71.9 MPH) (infield hit)
John Elway to second
Batting: RHB Glenn Hubbard 0-0: Ball
1-0: Foul Ball, location: 2F
1-1: Swinging Strike
1-2: Foul Ball, location: 2F
1-2: Foul Ball, location: 2F
1-2: Grounds into double play, 4-6-3 (Groundball, 4, EV 90.6 MPH)
John Elway to third
Batting: LHB Willie Gonzalez 0-0: Called Strike
0-1: Ball
1-1: Swinging Strike
1-2: Foul Ball, location: 2F
1-2: Ball
2-2: Ball
3-2: Ground out 6-3 (Groundball, 6, EV 84.4 MPH)
Bottom of the 9th over - 0 runs, 1 hit, 0 errors, 1 left on base; Eugene 0 - Tacoma 0
TOP OF THE 10TH
Eugene Emeralds batting - Pitching for Tacoma Cubs : RHP Paul Thormodsgard
Now at C: Alex Trevino
Batting: LHB Clay Hill 0-0: Called Strike
0-1: Ground out U3 (Groundball, 3L, EV 78.8 MPH)
Batting: RHB Alan McDonald 0-0: Ball
1-0: Foul Ball, location: 2F
1-1: Called Strike
1-2: Ball
2-2: Fly out, F8 (Flyball, 8RM, EV 92.5 MPH)
Batting: LHB Terry Lee 0-0: Ball
1-0: Foul Ball, location: 2F
1-1: Ground out U3 (Groundball, 3, EV 105.0 MPH)
Top of the 10th over - 0 runs, 0 hits, 0 errors, 0 left on base; Eugene 0 - Tacoma 0
BOTTOM OF THE 10TH
Tacoma Cubs batting - Pitching for Eugene Emeralds : RHP Doc Medich
Batting: LHB Dan Pasqua 0-0: Called Strike
0-1: Ball
1-1: Foul Ball, location: 2F
1-2: Fly out, F8 (Flyball, 8RM, EV 88.8 MPH)
Batting: RHB Billy Cree 0-0: Foul Ball, location: 2F
0-1: Ball
1-1: Swinging Strike
1-2: Foul Ball, location: 2F
1-2: Strikes out looking
Batting: LHB Thad Bosley 0-0: Called Strike
0-1: Ball
1-1: Called Strike
1-2: Fly out, F6 (Popup, 6MS, EV 73.8 MPH)
Bottom of the 10th over - 0 runs, 0 hits, 0 errors, 0 left on base; Eugene 0 - Tacoma 0
TOP OF THE 11TH
Eugene Emeralds batting - Pitching for Tacoma Cubs : RHP Paul Thormodsgard
Batting: LHB James Peters 0-0: Ball
1-0: Called Strike
1-1: Swinging Strike
1-2: Strikes out swinging
Batting: LHB Ty Gainey 0-0: Called Strike
0-1: Ball
1-1: Ball
2-1: Ball
3-1: Foul Ball, location: 2F
3-2: Strikes out swinging
Pinch Hitting: LHB Alfredo Edmead 0-0: Foul Ball, location: 2F
0-1: Swinging Strike
0-2: Strikes out swinging
Top of the 11th over - 0 runs, 0 hits, 0 errors, 0 left on base; Eugene 0 - Tacoma 0
BOTTOM OF THE 11TH
Tacoma Cubs batting - Pitching for Eugene Emeralds : RHP Doc Medich
Now at SS: Richard Rickman
Batting: LHB John D Morris 0-0: Ball
1-0: Ball
2-0: Ball
3-0: Base on Balls
Batting: RHB Houston Jimenez 0-0: Bunt missed!
0-1: Bunt missed!
0-2: Foul Ball, location: 2F
0-2: Ball
1-2: SINGLE (Line Drive, 8RS, EV 107.5 MPH)
John D Morris to second
Batting: LHB John Elway 0-0: Ball
John D Morris steals 3rd base
Houston Jimenez to second
1-0: Intentional Walk
Batting: RHB Alex Trevino 0-0: Fly out, F7 (Line Drive, 7, EV 88.1 MPH)
Runner from 3rd tags up, SCORES, no throw by LF
Bottom of the 11th over - 1 run, 1 hit, 0 errors, 0 left on base; Eugene 0 - Tacoma 1
Wednesday, August 19th, 2020 - OOTP Baseball 21.5 Build 76